Cogmind - Beta 16.1 @@@ ROGUE MODE // 2026.02.20 @ 15:06:37 Player: GrumpyTiger Result: Destroyed by D9-FZE(R) with Subdweller Machine Gun Performance ------------- Evolutions (0) 0 Regions Visited (2) 400 Robots Destroyed (18) 90 Value Destroyed (403) 403 Prototype IDs (2) 40 Alien Tech Used (0) 0 Bonus (0) 0 TOTAL SCORE: 933 Bonus ------- None Cogmind --------- Core Integrity 0/250 Matter 300/300 Energy 100/100 System Corruption 0% Temperature Cool (6) Movement Core (200) Ox3 Location -10/Subcaves Parts ------- > --- POWER (1) -------- (None) > --- PROPULSION (2) --- (None) > --- UTILITY (2) ------ Medium Storage Unit Targeting Computer > --- WEAPON (2) ------- (None) > --- INVENTORY (10) --- Heat Sink Utility Shielding Scrap Shield Hacking Suite Medium Laser Medium Laser Peak State ------------ > --- POWER ------------ Improved Ion Engine > --- PROPULSION ------- Aluminum Leg Aluminum Leg > --- UTILITY ---------- Heat Sink Small Matter Pod > --- WEAPON ----------- Heavy EM Pulse Gun Assault Rifle > --- INVENTORY -------- Improved Ion Engine Aluminum Leg EM Pulse Gun [Rating: 9] Favorites ----------- Power Improved Ion Engine Engine Improved Ion Engine Propulsion Aluminum Leg Leg Aluminum Leg Utility Small Matter Pod Device Sensor Array Storage Small Matter Pod Processor Targeting Computer Weapon Assault Rifle Energy Gun Medium Laser Ballistic Gun Assault Rifle Build | -11 -10 -10 ------- Run | Yrd Mat Sub Slots Evolved . | . . . Power . | . . . Propulsion . | . . . Utility . | . . . Weapon . | . . . Parts Attached 19 | 8 10 1 Power 4 | 2 2 . Engine 4 | 2 2 . Core . | . . . Reactor . | . . . Propulsion 3 | 2 1 . Treads . | . . . Leg 3 | 2 1 . Wheel . | . . . Hover . | . . . Flight . | . . . Utility 5 | 1 3 1 Device 2 | . 2 . Storage 2 | 1 1 . Processor 1 | . . 1 Hackware . | . . . Protection . | . . . Artifact . | . . . Weapon 7 | 3 4 . Energy Gun 6 | 2 4 . Energy Cannon . | . . . Ballistic Gun 1 | 1 . . Ballistic Cannon . | . . . Launcher . | . . . Special Weapon . | . . . Impact Weapon . | . . . Slashing Weapon . | . . . Piercing Weapon . | . . . Special Melee Weapon . | . . . Unidentified Prototypes . | . . . Parts Lost 6 | . 1 5 Power 1 | . . 1 Propulsion 2 | . . 2 Utility . | . . . Weapon 3 | . 1 2 Highest Loss Streak 5 | . 1 5 To Critical Strikes 1 | . . 1 Average Backups 3 | 1 4 5 Power . | . . . Propulsion . | . . . Utility 2 | . 2 3 Weapon . | . . 2 Tool/Special . | . . . Unused Backups 5 | . 2 3 Power . | . . . Propulsion 1 | . 1 . Utility 4 | . 1 3 Weapon . | . . . Tool/Special . | . . . Average Slot Usage (%) 97 | . 97 98 Engine 14 | . 14 14 Leg 27 | . 27 28 Device 11 | . 12 6 Storage 14 | . 14 14 Processor 1 | . . 7 Energy Gun 16 | . 14 26 Ballistic Gun 9 | . 12 . Peak Build Rating 9 | 6 9 9 Average Rating 7 | 5 8 8 On Entrance 4 | . 6 8 Avg Prop Armor Cover (%) . | . . . Naked Turns . | . . . Heaviest Build 22 | 10 22 22 Greatest Support 20 | 20 20 20 Greatest Overweight (x) 5 | . 1 5 Average Overweight (x) . | . . . Largest Inventory Capacity 10 | 5 10 10 Average Capacity 5 | 5 5 10 Most Carried 8 | 4 5 8 Average Carried 4 | 1 4 7 Final Capacity 10 | 5 10 10 Final Carried 7 | 2 5 7 Class Distribution -------------------- 100% | Mutant Dominant Class ---------------- Mutant | -10/Materials Mutant | -10/Subcaves Resources | -11 -10 -10 ----------- Run | Yrd Mat Sub Matter Collected 563 | 320 233 10 Remotely . | . . . Salvage Created 744 | 66 600 78 Parts 49 | 7 38 4 Haulers Intercepted 1 | . 1 . Recyclers Shooed . | . . . Parts Field Recycled . | . . . Retrieved Matter . | . . . Parts Self-Destructed . | . . . Prevented . | . . . Parts Restored . | . . . Kills | -11 -10 -10 ------- Run | Yrd Mat Sub Combat Hostiles Destroyed 12 | 1 9 2 Guns 12 | 1 9 2 Classes Destroyed 7 | 2 4 1 Worker 2 | 1 1 . Hauler 1 | . 1 . Recycler 2 | . 2 . Operator 1 | . 1 . Swarmer 3 | . 3 . Grunt 7 | 1 6 . Subdweller 2 | . . 2 Best Kill Streak 5 | 1 5 2 Combat Bots Only 3 | 1 3 2 Max Kills in Single Turn 1 | 1 1 1 Gunslinging . | . . . Exploded . | . . . Melee . | . . . Uniques/NPCs Destroyed . | . . . Combat | -11 -10 -10 -------- Run | Yrd Mat Sub Hostile Shots Fired 78 | 2 37 39 Missed 22 | 1 10 11 Hits 56 | 1 27 28 Projectile 56 | 1 27 28 Critical Strikes 2 | . . 2 Damage Taken 943 | 12 307 624 Core 274 | 12 97 165 Absorbed by Shields . | . . . Regen/Repaired (Parts) 27 | . 27 . Core Remaining (%) 95 | 95 . . Volleys Fired 58 | 3 46 9 Largest 2 | 2 2 2 Hottest 100 | 80 65 100 Shots Fired 100 | 6 77 17 Gun 100 | 6 77 17 Cannon . | . . . Launcher . | . . . Special . | . . . Kinetic 46 | . 46 . Thermal 22 | . 5 17 Explosive . | . . . Electromagnetic 32 | 6 26 . Robot Hit Streak 9 | 2 9 6 Robot Miss Streak 4 | 2 4 1 Penetration Max . | . . . Secondary Targets 1 | . 1 . Max Gunslinging Chain 1 | . 1 . Shots Hit Robots 59 | 3 42 14 Core Hits 27 | 3 20 4 Critical Kills 1 | . 1 . Critical Parts Destroyed . | . . . Critical Strikes 1 | . 1 . Destroy 1 | . 1 . Melee Attacks . | . . . Impact . | . . . Slashing . | . . . Piercing . | . . . Sneak Attacks . | . . . Combat Hostiles . | . . . Follow-up Attacks . | . . . Damage Inflicted 826 | 38 612 176 Guns 826 | 38 612 176 Cannons . | . . . Explosions . | . . . Melee . | . . . Ramming . | . . . Kinetic 342 | . 342 . Thermal 199 | . 23 176 Explosive . | . . . Electromagnetic 285 | 38 247 . Impact . | . . . Slashing . | . . . Piercing . | . . . Highest Corruption . | . . . Average Corruption . | . . . Corruption Purged . | . . . Corruption Blocked . | . . . Overload Shots . | . . . Overflow Damage . | . . . Projectiles . | . . . Explosions . | . . . Melee . | . . . Knockbacks . | . . . Impact . | . . . Kinetic . | . . . Secondary . | . . . Self-Inflicted Damage . | . . . Shots . | . . . Rammed . | . . . Targets Rammed . | . . . Kicked . | . . . Crushed . | . . . Highest Temperature 111 | 42 111 . Average Temperature 35 | 19 38 . Received Heat Transfer 210 | 6 135 69 Siege Activations . | . . . Martial Activations . | . . . Shielding Activations . | . . . Robots Disrupted . | . . . Combat Hostiles . | . . . Robots Corrupted . | . . . Combat Hostiles . | . . . Parts Fried 1 | . 1 . Impact Corruptions . | . . . Robots Melted . | . . . Combat Hostiles . | . . . Parts Melted 2 | . . 2 Heat Transferred 568 | . 50 518 Parts Sabotaged . | . . . Parts Stolen . | . . . Parts Stripped . | . . . Power Chain Reactions . | . . . Alert | -11 -10 -10 ------- Run | Yrd Mat Sub Maximum Alert Level . | . . . Low Security (%) 100 | 100 100 . Level 1 . | . . . Level 2 . | . . . Level 3 . | . . . Level 4 . | . . . Level 5 . | . . . High Security . | . . . Max Security . | . . . Peak Influence 120 | 20 120 . Initial . | . . . Average 38 | 2 49 . Influence Increases 362 | 25 337 . Destroy 0b10 Robot/C 200 | 20 180 . Destroy 0b10 Robot/NC 30 | 5 25 . Destroy Leader 32 | . 32 . Successful Hack 39 | . 39 . Disable Machine 15 | . 15 . Destroy Structure 1 | . 1 . Lose Combat Pursuer 45 | . 45 . Influence Decreases 362 | 25 268 69 Entered New Map 34 | . . 34 Time Decay 318 | 25 258 35 Lost Part 10 | . 10 . Squads Dispatched 2 | . 2 . Investigation . | . . . Extermination . | . . . Reinforcement 2 | . 2 . Assault . | . . . Garrison . | . . . Intercept . | . . . Searches Triggered . | . . . Construction Impeded . | . . . Haulers Reinforced . | . . . Active Scanning Responses . | . . . Cargo Convoy Interrupts . | . . . Stealth | -11 -10 -10 --------- Run | Yrd Mat Sub Distress Signals 2 | . 2 . Communications Jammed . | . . . Distress Signals . | . . . Times Spotted 29 | 1 17 11 Peak Tracking Total 9 | 1 4 9 Tactical Retreats 2 | . 2 . Traps | -11 -10 -10 ------- Run | Yrd Mat Sub Traps Triggered . | . . . Indirectly . | . . . Trap Hack Attempts . | . . . Triggered . | . . . Disarmed . | . . . Reprogrammed . | . . . Reused . | . . . Traps Extracted . | . . . Installed . | . . . Triggered . | . . . Machines | -11 -10 -10 ---------- Run | Yrd Mat Sub Machines Disabled 1 | . 1 . Max in Single Turn 1 | . 1 . Machines Repaired . | . . . Machines Dismantled . | . . . Machines Sabotaged . | . . . Overloaded Fab Kills . | . . . Hacking | -11 -10 -10 --------- Run | Yrd Mat Sub Machines Accessed 3 | . 3 . Terminals 2 | . 2 . Fabricators . | . . . Repair Stations 1 | . 1 . Recycling Units . | . . . Scanalyzers . | . . . Garrison Access . | . . . Total Hacks 13 | . 13 . Successful 8 | . 8 . Failed 5 | . 5 . Catastrophic . | . . . Database Lockouts . | . . . Manual . | . . . Terminals 11 | . 11 . Fabricators . | . . . Repair Stations 2 | . 2 . Recycling Units . | . . . Scanalyzers . | . . . Garrison Access . | . . . Terminal Hacks 6 | . 6 . Record 2 | . 2 . Prototype ID Bank 1 | . 1 . Dispatch Records 1 | . 1 . Hauler Manifests 1 | . 1 . Zone Layout 1 | . 1 . Fabricator Hacks . | . . . Repair Station Hacks 2 | . 2 . Scan Component 1 | . 1 . Repair 1 | . 1 . Recycling Unit Hacks . | . . . Scanalyzer . | . . . Garrison Access Hacks . | . . . Unauthorized Hacks . | . . . Terminals . | . . . Fabricators . | . . . Repair Stations . | . . . Recycling Units . | . . . Scanalyzers . | . . . Garrison Access . | . . . Data Cores Recovered . | . . . Used . | . . . Hacking Detections 3 | . 3 . Full Trace Events . | . . . Feedback Events . | . . . Feedback Blocked . | . . . Robot Schematics Acquired . | . . . Robots Built . | . . . Authchips . | . . . Time . | . . . Total Robot Build Rating . | . . . Part Schematics Acquired . | . . . Parts Built . | . . . Authchips . | . . . Time . | . . . Total Part Build Rating . | . . . Part Studies Acquired . | . . . Parts Repaired 1 | . 1 . Time 13 | . 13 . Parts Recycled . | . . . Recycled Matter . | . . . Retrieved Matter . | . . . Retrieved Components . | . . . Parts Scanalyzed . | . . . Part Schematics Acquired . | . . . Parts Damaged . | . . . Bothacking | -11 -10 -10 ------------ Run | Yrd Mat Sub Used RIF Installer . | . . . Robots Hacked . | . . . Non-combat . | . . . Combat . | . . . Robot Hacks Applied . | . . . Relay Couplers Released . | . . . Fabnet Peak Effective % . | . . . Robots Rewired . | . . . Allies Hacked . | . . . Hacks Repelled . | . . . Allies | -11 -10 -10 -------- Run | Yrd Mat Sub Total Allies . | . . . Largest Group . | . . . Highest-Rated Group . | . . . Highest-Rated Ally . | . . . Total Orders . | . . . Ally Attacks . | . . . Total Damage . | . . . Kills . | . . . Allies Corrupted . | . . . Allies Melted . | . . . Intel | -11 -10 -10 ------- Run | Yrd Mat Sub Active Infowar (turns) 553 | . 478 75 Sensors 553 | . 478 75 Robot Analysis Total . | . . . Derelict Logs Recovered . | . . . Drone Launches . | . . . Drone Recoveries . | . . . Exploration | -11 -10 -10 ------------- Run | Yrd Mat Sub Turns Passed 985 | 202 620 163 Spaces Moved 569 | 131 366 72 Core 26 | 25 . 1 Treads . | . . . Legs 543 | 106 366 71 Wheels . | . . . Hover . | . . . Flight . | . . . Fastest Speed 50 | 50 120 120 Average Speed 126 | 106 123 182 Slowest Speed 300 | 120 190 300 Overloaded Moves . | . . . Propulsion Burnouts . | . . . Robots Hopped . | . . . Potential Cave-ins . | . . . Cave-ins Triggered . | . . . Exploration Rate (%) 22 | 9 52 6 Regions Visited 2 Branch Regions 1 Pre-discovered Areas . | . . . Known Exits Taken . | . . . Unknown Exits Taken 2 | 1 1 . Scrap Searched . | . . . Spaces Dug . | . . . Terrain Destroyed . | . . . Melee . | . . . Projectile . | . . . AOE . | . . . Terrain Rammed . | . . . Walls Destroyed . | . . . Machines Disabled . | . . . Actions | -11 -10 -10 --------- Run | Yrd Mat Sub Total 734 | 187 460 87 Wait 53 | 34 17 2 Move 567 | 130 365 72 Hop . | . . . Pick Up 24 | 10 12 2 Fast Attach 3 | . 3 . Attach 11 | 6 4 1 Detach . | . . . Swap 6 | 2 4 . Drop 12 | 2 9 1 Fire 58 | 3 46 9 Melee . | . . . Ram . | . . . Kick . | . . . Crush . | . . . Escape Stasis . | . . . Rewire . | . . . Trap . | . . . Miscellaneous . | . . . Route ------- -11/Scrapyard -10/Materials (discovered 3 exits: [*Mat] / [*Min] / [*Sub]) -10/Subcaves History --------- Turn | Location | Event 2 | -11/Scrapyard | Met Revision 17 83 | -11/Scrapyard | Discovered new exit (range 8) 203 | -11/Scrapyard | Entered Materials 317 | -10/Materials | Build established: Mutant 461 | -10/Materials | Discovered new exit (range 7) 501 | -10/Materials | Repaired Assault Rifle 708 | -10/Materials | Discovered new exit (range 13) 810 | -10/Materials | Discovered new exit (range 7) 823 | -10/Materials | Entered Subcaves 824 | -10/Subcaves | Approached by a straggling Scientist 895 | -10/Subcaves | Core integrity fell below 50% 952 | -10/Subcaves | Ambushed by swarm of Subdwellers 976 | -10/Subcaves | Core integrity fell below 20% 986 | -10/Subcaves | Destroyed by D9-FZE(R) with Subdweller Machine Gun Last Messages --------------- RP-J2C(R) affixes Scrap Shield Fragment to Scrap Shield. RP-J2C(R) destroyed. Subatomizers dissect the Bore Cannon. Dropped Sensor Array. Subatomizers dissect the Bore Cannon. Acquired 10 matter. Subatomizers dissect the Bore Cannon. 88-8BB(c): "I think it's somewhere north of here" A mess of Twisted Machinery falls from the cavern ceiling. XT-HVV(R) comes tumbling into view. 88-8BB(c) destroyed. Med. Laser destroyed. Critical hit (Destroy). Med. Laser destroyed. Aluminum Leg destroyed. Imp. Ion Engine destroyed. [Achievement: First Step to Greatness] Map ----- +----------------------------------------------------+ | ????????????????????????????????????# ##????? | | ????????????????????????????????????# #????? | | ????????????????????????????????????## ##????? | | ?????????????????????????????????????### #?????? | | ???????????????????????????????????????# ##?????? | | ??????????????????????????????????????## #?????? | | ??????????????????????????????????????# ##?????? | | ??????????????????????????????????????# ##?????? | | ??????????????????????????????????????# #?????? | | ??????????????????????????????????????# ##?????? | | ??????????????????????????????????????## #?????? | | ???????????????????????????????????????# ##?????? | | ??????????????????????????????????????##] ##?????? | | ??????????????????????????????????????#!%! #?????? | | ??????????????????????????????????????# [ ##?????? | | ??????????????????????????????????????## #??????? | | ??????????????????????????????????????## #??????? | | ??????????????????????????????????????# #??????? | | ????????????????????????????????????###" #?????? | | ?????????????????????##?????????????# # ###?## | | ????????????????????## ?????????????# ## | | ????????????????????# ?????##?????## | | ????????????????????# #????# ##???## | | ?????????????????????# ##??? ##??# [= ###### | | ????????????????????## #???# #??# &%& ##???? | | ????????????????????# @##### #### %!* #???? | | ????????????????????## #???? | | ????????????????????## #???? | | ???????????????????## % #???? | | ???????????????????# ######" ##??? | | ???????????????????# R##??## #??? | | ???????????????????## ## ###RR #### ##?? | | ????????????????????#### ##?# R R##% #?? | | ???????????????????????## ??# R #?? | | ????????????????????????# ??# ##?? | | ????????????????????????# # ??## ! #??? | | ???????????????????????? #?#???## % #??? | | ???????????????????????%#???????#### #??? | | ???????????????????????#???????????# #?? | | ??????????????????????????????????? | | ?????????????????????????????????? | | ?????????????????????????????????? ### | | ?????????????????????????????????###??############ | | ?????????????????????????????????????????????????? | | ?????????????????????????????????????????????????? | | ?????????????????????????????????????????????????? | | ?????????????????????????????????????????????????? | | ?????????????????????????????????????????????????? | | ?????????????????????????????????????????????????? | | ?????????????????????????????????????????????????? | +----------------------------------------------------+ Best States ------------- Heat Dissipation 35 Energy Generation 12 Energy Capacity 265 Matter Stores 350 Matter Capacity 350 Sight Range 16 Robot Scan Range 14 Terrain Scan Density 10 Evasion (%) 55 Targeting Accuracy 5 Item Schematics ----------------- None Robot Schematics ------------------ None Fabricated ------------ Nothing Repaired ---------- Assault Rifle | 73% | -10/Materials Studied --------- None Alien Tech Used ----------------- None Achievements -------------- DATA ERROR: Steam Global Achievement% First Step to Greatness Challenges ------------ None Game ------ Seed ClaymoresBurstGriptreads Manual? 0 Play Time 00:30:34 Cumulative 0.4 hours Start 2026.02.20 @ 14:22:58 End 2026.02.20 @ 15:06:37 Sessions 1 Manual Loads 0 Difficulty Rogue Special Mode None Game No. 2 Rogue 1 Adventurer 1 Explorer 0 Win Type - Total 0 Types 0/0/0/0/0/0/0/0/0/0 Lore% 0 Gallery% 3 Achievement% 6 Wizard Run 0 Options --------- Layout 1 ASCII 0 Keyboard 0 Movement Mouse Keybinds 0 Fullscreen 1 Font 32/SmallcapsGlow Map View 50x35 Zoom Use 0% Tactical HUD 0 Map Filters NONE Filters NONE Steam 1 RUN: eb4bd73f-ff20-4ca5-9604-84509cf1a361